 Dungeon Crawl Stone Soup version 0.30-a0-219-gf2db51d15e (webtiles) character file.

Game seed: 7664565623849086933

29 brightshaft the Chopper (level 3, 30/30 HPs)
             Began as a Hill Orc Reaver on Oct 7, 2022.
             Got out of the dungeon alive.
             The game lasted 00:03:26 (898 turns).

brightshaft the Chopper (Hill Orc Reaver)            Turns: 898, Time: 00:03:27

Health: 30/30      AC:  3    Str: 16    XL:     3   Next: 16%
Magic:  5/5        EV: 11    Int: 13    God:
Gold:   50         SH:  0    Dex:  9    Spells: 3/5 levels left

rFire   . . .      SeeInvis .    a - +0 hand axe
rCold   . . .      Faith    .    (no shield)
rNeg    . . .      Spirit   .    b - +0 leather armour
rPois   .          Reflect  .    (no helmet)
rElec   .          Harm     .    (no cloak)
rCorr   .          Rampage  .    (no gloves)
Will    .....                    (no boots)
Stlth   +.........               (no amulet)
HPRegen 0.25/turn                (no ring)
MPRegen 0.09/turn                (no ring)

@: no status effects
A: no striking features
a: no special abilities


You escaped.
You visited 1 branch of the dungeon, and saw 1 of its levels.

You collected 50 gold pieces.

Inventory:

Hand Weapons
 a - a +0 hand axe (weapon)
Missiles
 h - 3 poisoned darts
Armour
 b - a +0 leather armour (worn)
Magical Staves
 f - a staff of cold
Scrolls
 d - a scroll of teleportation {unknown}
 e - a scroll of identify {unknown}
 g - a scroll of amnesia {unknown}
 j - a scroll of immolation {unknown}
Potions
 c - a potion of haste {unknown}
 i - a potion of degeneration {unknown}


   Skills:
 + Level 2.8 Fighting
 * Level 4.5 Axes
 + Level 1.0 Armour
 - Level 1.5 Dodging
 + Level 1.8 Spellcasting
 + Level 3.2 Conjurations


You had 3 spell levels left.
You knew the following spells:

 Your Spells              Type           Power      Damage    Failure   Level
a - Kiss of Death         Conj/Necr      20%        2d7       17%         1
b - Freeze                Ice            4%         1d3       32%         1

Your spell library contained the following spells:

 Spells                   Type           Power      Damage    Failure   Level
 Momentum Strike          Conj/Tloc      10%        3d8       26%         2
 Hailstorm                Conj/Ice       5%         3d4       45%         3
 Frozen Ramparts          Ice            2%         1d1       67%         3


Dungeon Overview and Level Annotations

Branches:
Dungeon (1/15)

Altars:


Message History

The rat is severely wounded.
The rat misses you.
You closely miss the rat.
The rat is severely wounded.
The rat closely misses you.
You barely miss the rat.
The rat is severely wounded.
The rat closely misses you.
You barely miss the rat.
The rat is severely wounded.
The rat bites you.
You closely miss the rat.
The rat is severely wounded.
The rat closely misses you.
You hit the rat.
You kill the rat!
No target in view!
No target in view!
A rat comes into view.
A rat is nearby!
Found a robe.
You barely miss the rat. The rat bites you but does no damage.
The rat closely misses you.
You hit the rat but do no damage. The rat closely misses you.
You barely miss the rat. The rat bites you.
You hit the rat.
You kill the rat!
No target in view!
You pick up a book of Frost and begin reading...
You add the spells Freeze and Frozen Ramparts to your library.
Memorise Freeze, consuming 1 spell level and leaving 3?
You start memorising the spell.
You continue memorising.
You finish memorising.
Spell assigned to 'b'.
There is a stone staircase leading down here.
There is an open door here.
You open the door.
There is an open door here.
There is a staircase leading out of the dungeon here.
Are you sure you want to leave the Dungeon?
This will make you lose the game!
You have escaped!

#.####.# ##.# #.# #.#
#####.########## #.# #.#
#..............# #.# #.#
#..............# #.#
#.###..######'###..# #.#
#..##..#........#..# ..
#......#........#..#
#.###..#........+..# #.#
#..#...@....#..# #.#
#..'........#..#### #.#
#..#........#.....##
######.###..#...)....#..##..#
........##..###+######..###.#
........##..............# #.#
........##..............# #.#
#.##..+############.#######.#####
##.#...############.# #.......


There were no monsters in sight!

Vanquished Creatures
  3 dart slugs (D:1)
  2 endoplasms (D:1)
  A giant cockroach (D:1)
  A goblin (D:1)
  2 hobgoblins (D:1)
  3 jackals (D:1)
  A kobold (D:1)
  3 ball pythons (D:1)
  2 frilled lizards (D:1)
  4 rats (D:1)
22 creatures vanquished.

Notes
Turn   | Place    | Note
-------+----------+-------------------------------------------
     0 | D:1      | brightshaft the Hill Orc Reaver began the quest for the
                  | Orb.
     0 | D:1      | Reached XP level 1. HP: 18/18 MP: 3/3
   343 | D:1      | Reached XP level 2. HP: 19/25 MP: 4/4
   511 | D:1      | Reached skill level 1 in Armour
   521 | D:1      | Found a faded altar of an unknown god.
   580 | D:1      | Reached XP level 3. HP: 27/30 MP: 5/5
   838 | D:1      | Learned a level 1 spell: Freeze
   898 | D:$      | Got out of the dungeon alive.

Illustrated notes

Levels and vault maps discovered:
D:1:      lemuel_arrival_room, layout_basic,
          ebering_ecumenical_altar_sacrificial, st_stairs_8,
          nicolae_eternal_life

Skill      XL: |  1  2 |
---------------+-------+-----
Armour         | 1 |  1.0
Fighting       | |  2.8
Axes           | |  4.5
Dodging        | |  1.5
Spellcasting   | |  1.8
Conjurations   | |  3.2

Action                   || total
-------------------------++-------
Melee: Hand axe          ||    70
Armor: Leather armour    ||    14
Dodge: Dodged            ||    35

Table legend: (Time is in decaauts)
 A = Elapsed time spent in this place.
 B = Non-inter-level travel time spent in this place.
 C = Inter-level travel time spent in this place.
 D = Time resting spent in this place.
 E = Time spent auto-exploring this place.
 F = Levels seen in this place.
 G = Mean time per level.
                   A        B        C        D        E       F      G
               +--------+--------+--------+--------+--------+-----+--------+
         Total |    904 |    845 |     59 |      0 |    689 |   1 |  904.0 |
       Dungeon |    904 |    845 |     59 |      0 |    689 |   1 |  904.0 |
               +--------+--------+--------+--------+--------+-----+--------+

Top non-repeatable levels by time:
     D:1: 904 daAuts
